 Dungeon Crawl Stone Soup version 0.26.1-11-gd32895ea62 (webtiles) character file.

Game seed: 13495229414626798733

826 Amplified the Skirmisher (level 7, -1/63 HPs)
             Began as a Minotaur Transmuter on June 11, 2021.
             Was an Initiate of Gozag.
             Slain by Maggie
             ... wielding a +0 war axe of flaming
              (2 damage)
             ... on level 6 of the Dungeon on June 13, 2021.
             The game lasted 00:07:30 (5612 turns).

Amplified the Skirmisher (Minotaur Transmuter)      Turns: 5612, Time: 00:07:31

Health: -1/63      AC:  8    Str: 19    XL:     7   Next: 64%
Magic:  8/8        EV: 12    Int: 10    God:    Gozag
Gold:   290        SH:  0    Dex: 10    Spells: 7/8 levels left

rFire    . . .     SeeInvis .   b - +1 club
rCold    + . .     Faith    .   (no shield)
rNeg     + . .     Spirit   .   a - +1 scale mail
rPois    .         Reflect  .   (helmet restricted)
rElec    .         Harm     .   (no cloak)
rCorr    .         Rampage  .   (no gloves)
Will     .....                  (no boots)
Stlth    ..........             (no amulet)
HPRegen  0.20/turn              j - ring of positive energy
MPRegen  0.11/turn              k - ring of protection from cold

@: mighty, brilliant, attractive, mesmerised
A: retaliatory headbutt, horns 2, sense surroundings 1, strong 1
a: Renounce Religion, Potion Petition, Call Merchant, Bribe Branch


You were on level 6 of the Dungeon.
You worshipped Gozag.
Gozag was aware of your devotion.
You visited 1 branch of the dungeon, and saw 6 of its levels.
You also visited: Ossuary.

You collected 1013 gold pieces.
You paid 723 gold pieces to Gozag.

Inventory:

Hand Weapons
 b - a +1 club (weapon)
Armour
 a - a +1 scale mail (worn)
Jewellery
 j - a ring of positive energy (left hand)
 k - a ring of protection from cold (right hand)
Wands
 d - a wand of random effects (2)
Scrolls
 c - 6 scrolls of amnesia
 h - a scroll of identify
 l - 3 scrolls of magic mapping
 s - 3 scrolls of remove curse
Potions
 g - 4 potions of brilliance
 m - 3 potions of attraction
 q - 2 potions of flight


   Skills:
 * Level 6.0 Fighting
 * Level 5.8 Armour
 * Level 5.8 Dodging
 - Level 3.2 Unarmed Combat
 - Level 1.3 Spellcasting
 - Level 1.5 Transmutations


You had 7 spell levels left.
You knew the following spells:

 Your Spells              Type           Power        Failure   Level
a - Beastly Appendage     Tmut           10%          45%         1

Your spell library contained the following spells:

 Spells                   Type           Power        Failure   Level
 Wereblood                Tmut           5%           58%         2
 Animate Skeleton         Necr           2%           67%         1
 Apportation              Tloc           2%           67%         1
 Corona                   Hex            1%           67%         1
 Summon Small Mammal      Summ           4%           67%         1
 Spider Form              Tmut/Pois      1%           90%         3
 Ice Form                 Ice/Tmut       3%           100%        4
 Blade Hands              Tmut           2%           100%        5


Dungeon Overview and Level Annotations

Branches:
Dungeon (6/15)            Ossuary (visited)
 Temple: D:4-7

Altars:
Cheibriados
Gozag
Qazlal

Shops:
D:6 =

Annotations:
D:5 Grinder
D:6 Maggie


Innate Abilities, Weirdness & Mutations

You reflexively headbutt those who attack you in melee.
You have a pair of horns on your head.
You passively map a small area around you.
Your muscles are strong. (Str +2)


Message History

The fireball engulfs you. Something hits you! Something burns you.
Unknown command.
Okay, then. [a] - 160 gold - might and brilliance [b] - 253 gold - curing and magic [c] - 510 gold - lignification, might and resistance Purchase which effect?
You no longer have enough gold to petition Gozag for potion effects.
You feel very mighty all of a sudden.
You feel clever all of a sudden. Something hits you!
* * * LOW HITPOINT WARNING * * *
Something burns you!
* * * LOW HITPOINT WARNING * * *
Unknown command.
Okay, then.
You hit something. You headbutt something! Something hits you.
* * * LOW HITPOINT WARNING * * *
Something burns you.
You die...
Your body crumbles into a pile of gold.

####.....##.#####.######
# #.....##.# #.......# $
# ##...###.# #..####.# *
#.......# #..# * *
##.###### #..#### *, ,
#.# #.....#, ##+##
#.###.# ##<..## #.# * #,
##.....## #@# * *
##.......## #.{.....#
##.........# ......... *
.'..∩......+ ,..........
, ##.........#
##...##.##. *
##.......## ##.##,..# *
##.>...## #.# .# ,
##...## #.# ,# ##+##


There were no monsters in sight!

Vanquished Creatures
  Eustachio (D:5)
  Menkaure (Ossuary)
  An orc priest (D:4)
  An orc wizard (D:4)
  2 centaur skeletons (D:4)
  Jessica (D:2)
  5 worker ants
  Ijyb (D:4)
  An iguana (D:4)
  2 mummies (Ossuary)
  10 adders
  3 adder skeletons
  An adder zombie (D:2)
  3 worms
  A dart slug (D:1)
  3 leopard geckos
  4 orcs
  6 ball pythons
  6 bats
  A bat skeleton (D:2)
  A giant cockroach (D:3)
  2 gnoll zombies (Ossuary)
  8 goblins
  7 hobgoblins
  6 jackals
  7 kobolds
  3 quokkas
  2 ball python zombies (D:2)
  9 frilled lizards
  A giant cockroach zombie (D:2)
  6 gnoll skeletons (Ossuary)
  4 goblin skeletons (Ossuary)
  5 goblin zombies (Ossuary)
  2 hobgoblin skeletons (Ossuary)
  2 hobgoblin zombies (Ossuary)
  A jackal skeleton (D:5)
  4 kobold skeletons (Ossuary)
  5 kobold zombies (Ossuary)
  A leopard gecko zombie (D:2)
  6 orc skeletons (Ossuary)
  4 orc zombies (Ossuary)
  15 rats
  3 rat skeletons (Ossuary)
  7 rat zombies (Ossuary)
165 creatures vanquished.

Notes
Turn   | Place    | Note
-------+----------+-------------------------------------------
     0 | D:1      | Amplified the Minotaur Transmuter began the quest for the
                  | Orb.
     0 | D:1      | Reached XP level 1. HP: 16/16 MP: 1/1
   345 | D:1      | Reached skill level 1 in Armour
   345 | D:1      | Reached XP level 2. HP: 24/24 MP: 3/3
   477 | D:1      | Reached skill level 2 in Fighting
   626 | D:1      | Reached XP level 3. HP: 29/29 MP: 4/4
   957 | D:2      | Found an opulent altar of Gozag.
   984 | D:2      | Became a worshipper of Gozag Ym Sagoz the Greedy
  1734 | D:2      | Reached XP level 4. HP: 36/37 MP: 5/5
  1889 | D:2      | Noticed Jessica
  1905 | D:2      | Killed Jessica
  1906 | D:2      | Reached skill level 3 in Fighting
  2272 | D:3      | Reached XP level 5. HP: 41/45 MP: 6/6
  2641 | D:3      | Found a stormy altar of Qazlal.
  3214 | D:4      | Noticed Ijyb
  3223 | D:4      | Killed Ijyb
  3224 | D:4      | Reached skill level 4 in Fighting
  3310 | D:4      | Reached XP level 6. HP: 51/52 MP: 7/7
  3320 | D:4      | Found a sand-covered staircase.
  3326 | Ossuary  | Entered an ossuary
  4044 | Ossuary  | Noticed Menkaure
  4065 | Ossuary  | Gained mutation: Your muscles are strong. (Str +2) [potion
                  | of mutation]
  4065 | Ossuary  | Gained mutation: You passively map a small area around you.
                  | [potion of mutation]
  4071 | Ossuary  | Killed Menkaure
  4536 | D:4      | Reached skill level 5 in Fighting
  4536 | D:4      | Reached skill level 5 in Dodging
  4558 | D:4      | Found a snail-covered altar of Cheibriados.
  4564 | D:4      | Reached XP level 7. HP: 58/61 MP: 8/8
  4602 | D:4      | Reached skill level 5 in Armour
  5287 | D:5      | Entered Level 5 of the Dungeon
  5287 | D:5      | Noticed Eustachio
  5354 | D:5      | Killed Eustachio
  5391 | D:5      | Noticed Grinder
  5555 | D:6      | Reached skill level 6 in Fighting
  5601 | D:6      | Noticed Maggie
  5612 | D:6      | HP: 1/63 [something (6)]
  5612 | D:6      | Slain by Maggie

Illustrated notes

Levels and vault maps discovered:
D:1:      dpeg_arrival_ratfight, layout_basic, minmay_misc_feat_columns,
          minmay_misc_feat_cross, minmay_pentomino_x2
D:2:      layout_basic, serial_undead, serial_undead_d, serial_undead_f,
          serial_undead_a, serial_undead_d, nicolae_gozag_seed_capital,
          uniq_jessica
D:3:      layout_rooms, grunt_qazlal_clouds, minmay_snake_closets
D:4:      kennysheep_six_static_rooms, layout_basic, lemuel_round_altar,
          nicolae_ossuary_entry_plus, uniq_ijyb
D:5:      layout_rooms, nicolae_ru_sacrificial_ziggurat, uniq_eustachio,
          uniq_duvessa, uniq_pikel, uniq_grinder
D:6:      old_forge, layout_loops_corners, kennysheep_generic_room_7,
          uniq_blork_the_orc, uniq_maggie

Skill      XL: |  1  2  3  4  5  6  7 |
---------------+----------------------+-----
Armour         | 1 2 3 4 5 |  5.8
Fighting       | 2 3 4 5 6 |  6.0
Dodging        | 3 4 5 |  5.8
Unarmed Combat | |  3.2
Spellcasting   | |  1.3
Transmutations | |  1.5

Action                   |  1- 3 |  4- 6 |  7- 9 || total
-------------------------+-------+-------+-------++-------
Melee: Unarmed           |     8 |       |       ||     8
       Club              |   100 |   268 |    86 ||   454
       Headbutt          |    17 |    52 |    10 ||    79
       Kick              |     1 |       |       ||     1
       Punch             |       |     7 |     2 ||     9
 Cast: Beastly Appendage |     1 |       |       ||     1
Invok: Potion Petition   |       |       |     1 ||     1
       Call Merchant     |       |       |     1 ||     1
Evoke: Wand              |       |     6 |     5 ||    11
  Use: Scroll            |     2 |     9 |     4 ||    15
       Potion            |       |     5 |     8 ||    13
 Stab: Distracted        |     1 |       |       ||     1
Armor: Chain mail        |    23 |       |       ||    23
       Robe              |     1 |       |       ||     1
       Scale mail        |    44 |    93 |    18 ||   155
       Skin              |       |    33 |    11 ||    44
Dodge: Dodged            |    73 |   143 |    71 ||   287
